Map: Blackburn LE

Players

Probe

  • Race: Protoss Protoss

cyan - Winner!

  • Race: Protoss Protoss
  • League: Grandmaster

Event: DreamHack SC2 Masters Last Chance 2022

VOD

Have the link to the VOD?

Description

Time

  • Played on: Dec. 15, 2021, 4:30 a.m.
  • Length: 3:58

All games in this series

Show
View Real Time Build Order
Export as new Build Order

Probe Protoss 

Build Orders: Phoenix Opening 

Get SALT Encoding   

  12  0:00  Probe  
  13  0:12  Probe  
  14  0:20  Pylon  
  14  0:25  Probe  
  15  0:38  Probe (Chrono Boost)  
  15  0:40  Gateway  
  16  0:47  Assimilator, Probe (Chrono Boost)  
  17  0:52  Probe  
  18  1:00  Assimilator  
  18  1:04  Probe (Chrono Boost)  
  18  1:07  Pylon  
  19  1:16  Probe (Chrono Boost)  
  20  1:22  Probe (Chrono Boost)  
  21  1:30  Probe  
  21  1:31  Cybernetics Core  
  22  1:33  Zealot  
  24  1:40  Pylon  
  24  1:43  Probe  
  25  1:55  Probe  
  26  2:07  Probe  
  27  2:13  Cybernetics Core  
  27  2:17  Stargate  
  26  2:23  Stalker  
  26  2:25  Probe  
  29  2:30  Pylon  
  29  2:45  Probe  
  30  3:00  Nexus, Phoenix (Chrono Boost)  
  30  3:04  Probe  
  33  3:15  Phoenix (Chrono Boost)  
  33  3:16  Probe  
  36  3:24  Pylon  
  36  3:29  Probe  
  37  3:41  Probe  
Show
View Real Time Build Order
Export as new Build Order

cyan Protoss - Winner!

Build Orders:  

Get SALT Encoding   

  12  0:00  Probe  
  13  0:12  Probe  
  14  0:20  Pylon  
  14  0:24  Probe  
  15  0:38  Probe (Chrono Boost)  
  15  0:41  Gateway  
  16  0:47  Probe (Chrono Boost)  
  16  0:48  Assimilator  
  17  0:52  Probe (Chrono Boost)  
  18  0:59  Assimilator  
  18  1:04  Probe (Chrono Boost)  
  18  1:06  Pylon  
  19  1:13  Probe (Chrono Boost)  
  20  1:18  Probe (Chrono Boost)  
  21  1:28  Cybernetics Core  
  21  1:30  Probe  
  22  1:33  Zealot  
  24  1:42  Probe  
  25  1:57  Probe  
  25  2:00  Pylon  
  26  2:06  Stalker (Chrono Boost)  
  26  2:07  Stargate  
  28  2:12  Probe  
  29  2:18  Warp Gate  
  29  2:27  Stalker (Chrono Boost)  
  31  2:30  Pylon  
  31  2:40  Pylon  
  31  2:48  Void Ray (Chrono Boost)  
  34  3:00  Stalker  
  36  3:15  Nexus  
  36  3:24  Pylon  
  39  3:44  Probe  
  40  3:49  Twilight Council  

Tags
 
Add a new tag
Caveats
  • Supply blocks, unpowered buildings, or Contaminate may cause inaccurate times.
  • Supply counts are checked every 10 seconds.